 Dungeon Crawl Stone Soup version 0.29-a0-322-g68df515428 (webtiles) character file.

Game seed: 6688216343177304746

135 Oper80 the Conjurer (level 4, -3/36 HPs)
             Began as a Draconian Conjurer on Apr 9, 2022.
             Was a Believer of Elyvilon.
             Killed from afar by Natasha (8 damage)
             ... with a puff of flame
             ... on level 2 of the Dungeon.
             The game lasted 00:10:35 (2799 turns).

Oper80 the Conjurer (Draconian Conjurer)            Turns: 2799, Time: 00:10:36

Health: -3/36      AC:  6    Str:  9    XL:     4   Next: 97%
Magic:  7/8        EV: 13    Int: 20    God:    Elyvilon [**....]
Gold:   91         SH:  0    Dex: 16    Spells: 4/9 levels left

rFire   . . .      SeeInvis .   g - +2 dagger (venom)
rCold   . . .      Faith    .   (no shield)
rNeg    . . .      Spirit   .   (body armour unavailable)
rPois   .          Reflect  .   (helmet restricted)
rElec   .          Harm     .   c - +0 cloak
rCorr   .          Rampage  .   (no gloves)
Will    .....                   (no boots)
Stlth   ++........              (no amulet)
HPRegen 0.12/turn               b - +6 ring of dexterity
MPRegen 0.11/turn               (no ring)

@: no status effects
A: AC +5, unfitting armour, cold-blooded
a: Renounce Religion, Purification, Heal Other


You were on level 2 of the Dungeon.
You worshipped Elyvilon.
Elyvilon was pleased with you.
You visited 1 branch of the dungeon, and saw 2 of its levels.

You collected 91 gold pieces.

Inventory:

Hand Weapons
 d - a +0 vorpal whip
 g - a +2 dagger of venom (weapon)
Armour
 c - a +0 cloak (worn)
Jewellery
 b - a +6 ring of dexterity (left hand)
Potions
 a - a potion of magic
 e - 2 potions of resistance
 f - 3 potions of heal wounds {unknown}
 h - 3 potions of haste {unknown}


   Skills:
 + Level 2.1 Fighting
 + Level 2.7 Dodging
 - Level 1.7 Stealth
 + Level 3.0 Spellcasting
 + Level 4.6 Conjurations
 * Level 0.4 Hexes


You had 4 spell levels left.
You knew the following spells:

 Your Spells              Type           Power      Damage    Failure   Level
a - Magic Dart            Conj           84%        1d7       2%          1
b - Fulminant Prism       Conj/Hex       6%         3d7       45%         4

Your spell library contained the following spells:

 Spells                   Type           Power      Damage    Failure   Level
 Searing Ray              Conj           42%        2d6       3%          2
 Dazzling Flash           Conj/Hex       26%        N/A       16%         3
 Iskenderun's Mystic Bla  Conj/Tloc      12%        2d5       50%         4


Dungeon Overview and Level Annotations

Branches:
Dungeon (2/15)

Altars:
Elyvilon

Annotations:
D:2 Natasha


Innate Abilities, Weirdness & Mutations

Your plain brown scales are hard. (AC +5)
You cannot fit into any form of body armour.
You are cold-blooded and may be slowed by cold attacks.


Message History

The magic dart hits you. The crimson imp barely misses you.
You hit Natasha but do no damage.
Natasha looks as sick as possible!
You tail-slap Natasha.
Natasha is almost dead.
You kill Natasha!
Natasha growls in agony!
The crimson imp disappears in a puff of smoke!
The white imp disappears in a puff of smoke!
Your Spellcasting skill increases to level 3!
You see here the felid corpse of Natasha.
h - 3 murky silvery potions (gained 1)
You see here a +0 robe.
You see here a +0 robe.
A ball python comes into view.
The ball python hisses angrily.
The ball python closely misses you. The ball python barely misses you.
You closely miss the ball python. You tail-slap the ball python.
You kill the ball python!
Natasha, Servant of Life and Death comes into view.
She is carrying a wand of flame (11).
Natasha hisses angrily.
Natasha mumbles some strange words.
Natasha shimmers violently.
You hit Natasha but do no damage.
Natasha is poisoned.
Natasha zaps a wand.
The puff of flame hits you!
You hit Natasha.
Natasha looks as sick as possible!
Natasha is moderately wounded.
Natasha zaps a wand.
The puff of flame hits you!
Casting: Magic Dart (safe; 2% risk of failure)
Confirm with . or Enter, or press ? or * to list all spells.
Aiming: Magic Dart (safe; 2% risk of failure)
Press: ? - help, Shift-Dir - straight line, f - Natasha
Aim: Natasha, carrying a wand of flame (9) (heavily wounded, extremely poisoned, 100% to hit)
The magic dart hits Natasha but does no damage.
Natasha is heavily wounded.
Natasha zaps a wand.
The puff of flame hits you.
* * * LOW HITPOINT WARNING * * *
Natasha attacks as you move away! Natasha claws you.
* * * LOW HITPOINT WARNING * * *
Natasha zaps a wand.
The puff of flame hits you!
You die...

.#>##.# #.#.........# #.# #.####
......# #.......##.## #.###.####
##<#### #.......##.# #.#.....#
#.# #.......##.# #[#.#.#.# #.#
#.......##.#####.#.#.#.# ##.#
####.......##.............#
...###.##......h#..)..####.###.#
###.....#.......#.....# #.###.##
#.............@.....# #.......
#.#...####.####.....# ########
#..#.## #.# #.....# ##.### ##.##
###.### +.# #...# #.# +.#
####.#### #.# +.# #.......#
#.#### ### #.......# #....# #.##
#.......# ####.#


You could see Natasha (extremely poisoned).

Vanquished Creatures
  Jessica (D:2)
  Natasha (twice) (D:2)
  A gnoll (D:1)
  A dart slug (D:1)
  3 ball pythons
  2 endoplasms
  2 giant cockroaches (D:1)
  5 goblins
  3 hobgoblins (D:1)
  9 jackals
  4 kobolds
  3 quokkas (D:1)
  8 bats
  2 frilled lizards (D:1)
  A rat (D:1)
47 creatures vanquished.

Notes
Turn   | Place    | Note
-------+----------+-------------------------------------------
     0 | D:1      | Oper80 the Draconian Conjurer began the quest for the Orb.
     0 | D:1      | Reached XP level 1. HP: 14/14 MP: 3/3
   256 | D:1      | Reached XP level 2. HP: 16/22 MP: 1/5
   551 | D:1      | Reached skill level 1 in Fighting
   747 | D:1      | HP: 1/23 [quokka (4)]
  1103 | D:1      | Found a faded altar of an unknown god.
  1120 | D:1      | Prayed at the altar of an unknown god.
  1120 | D:1      | Became a worshipper of Elyvilon the Healer
  1120 | D:1      | Reached * piety under Elyvilon
  1332 | D:1      | Reached XP level 3. HP: 27/28 MP: 6/6
  2269 | D:2      | Reached ** piety under Elyvilon
  2430 | D:2      | Noticed Jessica
  2432 | D:2      | Killed Jessica
  2433 | D:2      | Reached XP level 4. HP: 36/36 MP: 4/8
  2433 | D:2      | Noticed Natasha
  2462 | D:2      | Killed Natasha
  2589 | D:2      | Learned a level 4 spell: Fulminant Prism
  2602 | D:2      | Noticed Natasha
  2608 | D:2      | Killed Natasha
  2792 | D:2      | Noticed Natasha
  2799 | D:2      | Killed from afar by Natasha

Illustrated notes

Levels and vault maps discovered:
D:1:      matt_arrival_spirals, layout_loops_corners,
          hellmonk_ecumenical_altar_inner_sanctum
D:2:      layout_loops_cross, basic_altar, kennysheep_cross_bottleneck,
          nicolae_elevator_lobby_asterisk, uniq_jessica, uniq_natasha

Skill      XL: |  1  2  3  4 |
---------------+-------------+-----
Dodging        | 2 |  2.7
Fighting       | 1 2 |  2.1
Spellcasting   | 3 |  3.0
Stealth        | |  1.7
Conjurations   | |  4.6
Hexes          | |  0.4

Action                   |  1- 3 |  4- 6 || total
-------------------------+-------+-------++-------
Melee: Unarmed           |    91 |       ||    91
       Tailslap          |    18 |     5 ||    23
       Punch             |     2 |       ||     2
       Whip              |    48 |       ||    48
       Dagger            |       |    20 ||    20
 Cast: Magic Dart        |    54 |     8 ||    62
  Use: Scroll            |     5 |       ||     5
 Stab: Sleeping          |     1 |     1 ||     2
Armor: Skin              |    59 |     8 ||    67
Dodge: Dodged            |   145 |    15 ||   160

Table legend: (Time is in decaauts)
 A = Elapsed time spent in this place.
 B = Non-inter-level travel time spent in this place.
 C = Inter-level travel time spent in this place.
 D = Time resting spent in this place.
 E = Time spent auto-exploring this place.
 F = Levels seen in this place.
 G = Mean time per level.
                   A        B        C        D        E       F      G
               +--------+--------+--------+--------+--------+-----+--------+
         Total |   2811 |   2789 |     22 |    276 |   2052 |   2 | 1405.5 |
       Dungeon |   2811 |   2789 |     22 |    276 |   2052 |   2 | 1405.5 |
               +--------+--------+--------+--------+--------+-----+--------+

Top non-repeatable levels by time:
     D:1: 2234 daAuts
     D:2: 576 daAuts
